 Dungeon Crawl Stone Soup version 0.32-a0-5-gbffa963729 (webtiles) character file.

Game seed: 11496646067518706513

16 Bard227 the Trooper (level 2, -1/27 HPs)
             Began as a Minotaur Fighter on Jan 13, 2024.
             Was an Initiate of Nemelex Xobeh.
             Incinerated by a bombardier beetle (6 damage)
             ... with a burning spray
             ... on level 3 of the Dungeon.
             The game lasted 00:12:25 (612 turns).

Bard227 the Trooper (Minotaur Fighter)               Turns: 612, Time: 00:12:26

Health: -1/27      AC:  7    Str: 20    XL:     2   Next: 41%
Magic:  1/1        EV:  9    Int:  5    God:    Nemelex Xobeh [......]
Gold:   35         SH:  4    Dex:  9    Spells: 1/1 levels left

rFire   . . .        a - +0 long sword
rCold   . . .        c - +0 buckler
rNeg    . . .        b - +0 scale mail
rPois   .            (helmet restricted)
rElec   .            (no cloak)
rCorr   .            (no gloves)
SInv    .            (no boots)
Will    .....        (no amulet) Stlth
                     (no ring)
HPRegen 0.24/turn    (no ring)
MPRegen 0.07/turn

%: no passive effects
@: on fire, glowing
A: horns 2, retaliatory headbutt
a: Renounce Religion, Draw Escape, Draw Destruction, Draw Summoning


You were on level 3 of the Dungeon.
You worshipped Nemelex Xobeh.
Nemelex Xobeh was noncommittal.
You visited 1 branch of the dungeon, and saw 3 of its levels.

You collected 35 gold pieces.

Inventory:

Hand Weapons
 a - a +0 long sword (weapon)
 f - a +0 sling
 g - a +0 dagger
 k - a +0 short sword
 n - a +0 spear
Missiles
 h - 24 stones (quivered)
 l - 6 poisoned darts
Armour
 b - a +0 scale mail (worn)
 c - a +0 buckler (worn)
 j - a +0 robe
Scrolls
 e - a scroll of butterflies {unknown}
 m - a scroll of acquirement {unknown}
 o - a scroll of identify {unknown}
 p - a scroll of vulnerability {unknown}
Potions
 d - a potion of might
 i - a potion of berserk rage {unknown}


   Skills:
 + Level 4.1 Fighting
 + Level 2.5 Long Blades
 + Level 3.9 Armour
 + Level 3.9 Shields


You had one spell level left.
You didn't know any spells.
Your spell library contained the following spells:

 Spells                   Type           Power      Damage    Failure   Level
 Sting                    Conj/Alch      0%         1d3       88%         1
 Mercury Vapours          Alch/Air       0%         N/A       95%         2
 Volatile Blastmotes      Fire/Tloc      0%         2d10      99%         3
 Fulminant Prism          Conj/Alch      0%         3d5       100%        4
 Iskenderun's Mystic Bla  Conj/Tloc      0%         2d3       100%        4
 Olgreb's Toxic Radiance  Alch           0%         N/A       100%        4


Dungeon Overview and Level Annotations

Branches:
Dungeon (3/15)

Altars:
Nemelex Xobeh


Innate Abilities, Weirdness & Mutations

You have a pair of horns on your head.
You reflexively headbutt those who attack you in melee.


Message History

The goblin hits you but does no damage.
You hit the goblin. Your headbutt misses the goblin.
The goblin is severely wounded.
The goblin hits you but does no damage.
You barely miss the goblin.
The goblin is severely wounded.
The goblin hits you with a +0 dagger. The goblin hits you but does no damage.
You hit the goblin.
You kill the goblin!
The goblin barely misses you. You furiously retaliate!
You headbutt the goblin.
You kill the goblin!
You see here a +0 dagger.
You see here a +0 club.
The bombardier beetle sprays incendiary fluid at you.
The burning spray hits you.
You are covered in liquid fire!
You shake off some of the fire as you move.
The liquid fire burns you!
You slash the bombardier beetle!
The bombardier beetle is moderately wounded.
The liquid fire burns you!
You hit the bombardier beetle but do no damage.
The bombardier beetle is moderately wounded.
The liquid fire burns you!
The bombardier beetle sprays incendiary fluid at you.
The burning spray misses you.
You barely miss the bombardier beetle. You headbutt the bombardier beetle.
The bombardier beetle is heavily wounded.
The liquid fire burns you! The bombardier beetle bites you.
You hit the bombardier beetle.
The bombardier beetle is severely wounded.
The liquid fire burns you!
* * * LOW HITPOINT WARNING * * *
The bombardier beetle bites you but does no damage.
You hit the bombardier beetle.
The bombardier beetle is almost dead.
The liquid fire burns you!
You die...
Your body disappears without additional glow.

. .# .... .. .## .....
... #.# #.... ... .##
###... ##.# #.#
....##... .## #..#..#
#.# #.B..#
.#############..@#
#.#.#.#.#.#...)).###
.#.#.#.#.#.#..>.........
#.#.#.#.#.#.##.#>###....
.#.#.#.#.#.###.#.# ..
#.#.#.#.#.#.##.#.#
.#.#.#.#.#.###.#.#
#.#.#.#.#.#.##.#.#
.#.#.#.#.#.###.#..


You could see a bombardier beetle.

Vanquished Creatures
  An endoplasm (D:2)
  A giant cockroach (D:1)
  2 goblins (D:3)
  3 hobgoblins
  A ball python (D:1)
  A bat (D:2)
  5 kobolds
  2 rats (D:1)
16 creatures vanquished.

Notes
Turn   | Place    | Note
-------+----------+-------------------------------------------
     0 | D:1      | Bard227 the Minotaur Fighter began the quest for the Orb.
     0 | D:1      | Reached XP level 1. HP: 19/19 MP: 0/0
   200 | D:1      | Reached skill level 4 in Fighting
   211 | D:1      | Reached XP level 2. HP: 27/27 MP: 1/1
   292 | D:2      | Found a sparkling altar of Nemelex Xobeh.
   313 | D:2      | Became a worshipper of Nemelex Xobeh the Trickster
   598 | D:3      | Noticed a bombardier beetle
   612 | D:3      | Incinerated by a bombardier beetle

Illustrated notes

Levels and vault maps discovered:
D:1:      amcnicky_arrival_abandoned_market, layout_basic,
          minmay_misc_feat_plants, minmay_misc_feat_roman, grunt_decor_junction,
          chequers_serial_rivers_small_3, minmay_liquid_box, minmay_lizard_pond
D:2:      layout_basic, basic_altar, chequers_ecumenical_altar_simple_redux
D:3:      layout_basic, mainiacjoe_overflow_six_doors_small,
          gammafunk_ghost_necromancy

Skill      XL: |  1 |
---------------+----+-----
Fighting       | 4 |  4.1
Long Blades    | |  2.5
Armour         | |  3.9
Shields        | |  3.9

Action                     || total
---------------------------++-------
  Melee: Long sword        ||    42
         Headbutt          ||     6
 Armour: Scale mail        ||    27
  Dodge: Dodged            ||    18
  Block: Buckler           ||     8

Table legend: (Time is in decaauts)
 A = Elapsed time spent in this place.
 B = Non-inter-level travel time spent in this place.
 C = Inter-level travel time spent in this place.
 D = Time resting spent in this place.
 E = Time spent auto-exploring this place.
 F = Levels seen in this place.
 G = Mean time per level.
                   A        B        C        D        E       F      G
               +--------+--------+--------+--------+--------+-----+--------+
         Total |    626 |    480 |    146 |      0 |      0 |   3 |  208.7 |
       Dungeon |    626 |    480 |    146 |      0 |      0 |   3 |  208.7 |
               +--------+--------+--------+--------+--------+-----+--------+

Top non-repeatable levels by time:
     D:1: 302 daAuts
     D:2: 224 daAuts
     D:3: 99 daAuts
